 Dungeon Crawl Stone Soup version 0.28-a0-172-g787e458d71 (webtiles) character file.

Game seed: 4954601752215956916

4193 lunkers the Thaumaturge (level 10, -6/77 HPs)
             Began as a Djinni Earth Elementalist on Aug 16, 2021.
             Was an Initiate of Gozag.
             Killed from afar by a gargoyle (21 damage)
             ... with a stone arrow
             ... on level 9 of the Dungeon.
             The game lasted 00:12:03 (11443 turns).

lunkers the Thaumaturge (DjEE)                     Turns: 11443, Time: 00:12:04

Health: -6/77      AC:  8    Str:  7    XL:     10   Next: 54%
Gold:   1005       EV: 11    Int: 20    God:    Gozag SH:  5 Dex: 14

rFire   + + +      SeeInvis .   v - staff of earth
rCold   . . .      Faith    .   (no shield)
rNeg    . . .      Spirit   .   E - +3 leather armour {rF+}
rPois   ∞          Reflect  +   J - +1 helmet
rElec   .          Harm     .   (no cloak)
rCorr   .          Rampage  .   (no gloves)
Will    +....                   (boots unavailable)
Stlth   ++........              f - amulet of reflection
HPRegen 0.22/turn               t - ring of protection from cold
MPRegen 0.00/turn               (no ring)

@: gold aura, flying
A: sickness immunity, fire resistance 2, cold vulnerability 1, float, innate
caster, hp casting, extra vitality 1
a: Renounce Religion, Potion Petition, Call Merchant, Bribe Branch


You were on level 9 of the Dungeon.
You worshipped Gozag.
Gozag was most pleased with you.
You visited 2 branches of the dungeon, and saw 10 of its levels.

You collected 1072 gold pieces.
You paid 67 gold pieces to Gozag.

Inventory:

Hand Weapons
 g - a +4 short sword
Missiles
 h - 211 stones
 G - 3 throwing nets
Armour
 b - a +1 ring mail of willpower
 m - a +0 ring mail
 E - a +3 leather armour of fire resistance (worn)
 J - a +1 helmet (worn)
Magical Staves
 r - a staff of conjuration
 v - a staff of earth (weapon)
Jewellery
 f - an amulet of reflection (around neck)
 t - a ring of protection from cold (left hand)
 y - a ring of protection from fire
Wands
 s - a wand of iceblast (18)
 w - a wand of digging (8)
 I - a wand of mindburst (18)
Scrolls
 a - 2 scrolls of vulnerability {unknown}
 c - a scroll of identify
 d - 2 scrolls of magic mapping {unknown}
 e - 3 scrolls of amnesia {unknown}
 i - 3 scrolls of teleportation
 j - a scroll of acquirement {unknown}
 k - a scroll of noise {unknown}
 p - a scroll of holy word {unknown}
 x - a scroll of enchant weapon {unknown}
 A - 2 scrolls of blinking {unknown}
 B - a scroll of enchant armour {unknown}
 F - a scroll of fear {unknown}
 H - a scroll of summoning {unknown}
 L - a scroll of torment {unknown}
Potions
 l - a potion of lignification
 n - a potion of heal wounds
 o - a potion of resistance
 q - 2 potions of might
 u - a potion of haste
 z - a potion of invisibility
 C - a potion of mutation
 D - a potion of cancellation
 K - a potion of curing


   Skills:
 + Level 8.4 Fighting
 - Level 2.1 Dodging
 - Level 1.5 Stealth
 * Level 9.6 Spellcasting


You had 8 spell levels left.
You knew the following spells:

 Your Spells              Type           Power      Damage    Failure   Level
a - Stone Arrow           Conj/Erth      100%       3d13      1%          3
b - Passwall              Tmut/Erth      53%        N/A       1%          2
c - Sandblast             Erth           100%       2d20      1%          1
d - Petrify               Tmut/Erth      64%        N/A       1%          4
e - Corona                Hex            53%        N/A       1%          1
f - Call Imp              Summ           48%        N/A       1%          2
g - Gell's Gravitas       Tloc           24%        N/A       1%          3
h - Animate Armour        Summ/Erth      100%       N/A       1%          4
Your spell library was empty.

Dungeon Overview and Level Annotations

Branches:
Dungeon (9/15)             Temple (1/1) D:5
   Lair: D:8-11         Orc: D:9-12

Altars:
Ashenzari
Cheibriados
Dithmenos
Elyvilon
Fedhas
Gozag
Hepliaklqana
Kikubaaqudgha
Makhleb
Nemelex Xobeh
Qazlal
Ru
Sif Muna
Trog
Uskayaw
Vehumet
Wu Jian
Xom
Yredelemnul
Zin
The Shining One

Shops:
D:4 !

Annotations:
D:4 2 transporters, Atlas's ghost, amateur DrTm
D:5 2 transporters, Foolio's ghost, amateur HOFi


Innate Abilities, Weirdness & Mutations

You are immune to sickness and miasma.
You are immune to poison.
Your flesh is very heat resistant. (rF++)
You are vulnerable to cold. (rC-)
You float through the air rather than walking.
You learn spells naturally, not from books.
Your magical power is your life essence.
You have superior vitality. (+4 HP)


Message History

You see here 7 gold pieces.
You now have 998 gold pieces (gained 7).
You start resting.
A hornet comes into view.
Casting: Sandblast (safe; 1% risk of failure)
Confirm with . or Enter, or press ? or * to list all spells.
Aiming: Stone Arrow (safe; 1% risk of failure)
Press: ? - help, Shift-Dir - straight line, f - hornet
Aim: a hornet (66% to hit)
You feel a surge of power!
The stone arrow hits the hornet!
The hornet is heavily wounded.
* * * LOW HITPOINT WARNING * * *
Casting: Stone Arrow (safe; 1% risk of failure)
Confirm with . or Enter, or press ? or * to list all spells.
Aiming: Sandblast (safe; 1% risk of failure)
Press: ? - help, Shift-Dir - straight line, f/p - hornet
Aim: a hornet (heavily wounded, 76% to hit)
You feel a surge of power!
The blast of sand hits the hornet!!
You kill the hornet!
* * * LOW HITPOINT WARNING * * *
Unknown command.
The sentinel's mark upon you fades away.
You see here 7 gold pieces.
You see here 7 gold pieces.
You now have 1005 gold pieces (gained 7).
Autopickup is now on.
You start resting.
A gargoyle comes into view. It is wielding a +0 mace.
Casting: Sandblast (safe; 1% risk of failure)
Confirm with . or Enter, or press ? or * to list all spells.
Aiming: Stone Arrow (safe; 1% risk of failure)
Press: ? - help, Shift-Dir - straight line, f - gargoyle
Aim: a gargoyle, wielding a +0 mace (89% to hit)
You feel a surge of power!
The stone arrow hits the gargoyle but does no damage.
* * * LOW HITPOINT WARNING * * *
The gargoyle hurls a stone arrow at you.
The stone arrow hits you!!
You die...
Your body crumbles into a pile of gold.

#. #####.####
#........#
#........####..
#........9....#
#......>.#
#........#
#....(...#
#.......@# $
##########


You could see a gargoyle.

Vanquished Creatures
  A kobold demonologist (D:7)
  2 hornets
  A wraith (D:9)
  A wyvern (D:8)
  3 steam dragons (D:8)
  Duvessa (D:6)
  A sky beast (D:7)
  An ice beast (D:7)
  2 black bears (D:7)
  An ogre (D:4)
  2 centaurs
  2 kobold brigands (D:7)
  2 phantoms
  2 bullfrogs
  3 scorpions
  2 water moccasin zombies (D:5)
  Dowan (D:6)
  A wyvern skeleton (D:6)
  2 water moccasin skeletons
  6 killer bees (D:8)
  A howler monkey (D:7)
  2 centaur zombies (D:6)
  A jelly (D:4)
  3 gnoll shamans
  3 orc priests
  3 bullfrog skeletons
  2 iguanas
  2 orc wizards
  A killer bee zombie (D:8)
  5 adders
  26 gnolls
  A white imp (D:8)
  3 ufetubi
  A worm (D:4)
  2 dart slugs
  20 orcs
  5 endoplasms
  11 giant cockroaches
  9 hobgoblins
  5 jackals (D:4)
  2 quokkas
  6 ball pythons
  4 bats
  A frilled lizard (D:2)
  6 goblins
  14 kobolds
  10 rats
186 creatures vanquished.

Notes
Turn   | Place    | Note
-------+----------+-------------------------------------------
     0 | D:1      | lunkers the Djinni Earth Elementalist began the quest for
                  | the Orb.
     0 | D:1      | Reached XP level 1. HP: 15/15 MP: 0/0
   259 | D:1      | Reached XP level 2. HP: 14/22 MP: 0/0
   655 | D:1      | Reached skill level 1 in Fighting
   966 | D:1      | Reached skill level 3 in Spellcasting
   966 | D:1      | Reached XP level 3. HP: 25/27 MP: 0/0
   966 | D:1      | Learned a level 1 spell: Corona
  1308 | D:2      | Reached XP level 4. HP: 25/33 MP: 0/0
  2022 | D:2      | Reached XP level 5. HP: 19/38 MP: 0/0
  2022 | D:2      | Learned a level 2 spell: Call Imp
  2437 | D:2      | Found a blossoming altar of Fedhas.
  3584 | D:2      | Found a faded altar of an unknown god.
  3802 | D:3      | Reached skill level 4 in Spellcasting
  4223 | D:3      | Noticed a phantom
  4227 | D:3      | Reached XP level 6. HP: 39/45 MP: 0/0
  4564 | D:3      | Found an ornate altar of the Wu Jian Council.
  5060 | D:4      | Reached XP level 7. HP: 35/50 MP: 0/0
  5060 | D:4      | Learned a level 3 spell: Gell's Gravitas
  5522 | D:4      | Reached skill level 5 in Spellcasting
  5733 | D:4      | Found a transporter.
  5733 | D:4      | Noticed Atlas's ghost (amateur DrTm)
  5805 | D:4      | Found a transporter.
  6166 | D:4      | Found Byceeg's Distillery.
  6340 | D:5      | Entered Level 5 of the Dungeon
  6418 | D:5      | Found a transporter.
  6466 | D:5      | Reached XP level 8. HP: 43/58 MP: 0/0
  6541 | D:5      | Noticed Foolio's ghost (amateur HOFi)
  6542 | D:5      | Found a transporter.
  6617 | D:5      | Found a sacrificial altar of Ru.
  6655 | D:5      | Found a staircase to the Ecumenical Temple.
  6658 | D:5      | Reached skill level 6 in Spellcasting
  6667 | Temple   | Entered the Ecumenical Temple
  6858 | Temple   | Became a worshipper of Gozag Ym Sagoz the Greedy
  7159 | D:5      | Reached skill level 5 in Fighting
  7934 | D:6      | Noticed Duvessa
  7937 | D:6      | Found a bloodstained altar of Trog.
  7940 | D:6      | Killed Duvessa
  7985 | D:6      | Noticed Dowan
  7986 | D:6      | Killed Dowan
  7987 | D:6      | Reached skill level 7 in Spellcasting
  7987 | D:6      | Reached XP level 9. HP: 64/66 MP: 0/0
  7987 | D:6      | Learned a level 4 spell: Animate Armour
  8611 | D:7      | Found a sparkling altar of Nemelex Xobeh.
  9209 | D:7      | Noticed a hornet
  9214 | D:7      | Killed a hornet
  9215 | D:7      | Reached skill level 8 in Spellcasting
  9300 | D:7      | Noticed a kobold demonologist
  9465 | D:7      | Killed a kobold demonologist
  9573 | D:7      | Reached XP level 10. HP: 65/75 MP: 0/0
 10052 | D:8      | Reached skill level 9 in Spellcasting
 11386 | D:9      | Noticed a tengu warrior
 11442 | D:9      | Noticed a gargoyle
 11443 | D:9      | Killed from afar by a gargoyle

Illustrated notes

Levels and vault maps discovered:
D:1:      dpeg_arrival_fog, layout_loops_cross, minmay_worlds_worst_comb
D:2:      minmay_diamond_boxcup, layout_basic, basic_altar,
          shapermc_ecumenical_altar_pompeii, grunt_ministairs_1,
          amcnicky_mini_corridor_feature
D:3:      layout_basic, pdpol_wu_jian_five_deadly_venoms
D:4:      layout_loops_corners, gammafunk_ghost_arena, kennysheep_diamond
D:5:      layout_cave_pools, nicolae_ru_sacrificial_ziggurat,
          minmay_temple_entry_proselytizer, gammafunk_ghost_smash
D:6:      layout_loops_ring, nzn_overflow_gifts_of_might_and_magic
D:7:      layout_basic, kennysheep_mini_moat, ebering_dispersal_statue_hall,
          minivault_26, amethyst_killhole
D:8:      cheibrodos_steamvent, layout_basic, grunt_ministairs_10,
          minmay_misc_feat_diagonals
D:9:      layout_roguey, okawaru_altar_gauntlet_db, special_room
          [special_room_orc], serial_shops, nicolae_lakefront_shop,
          minivault_20, uniq_maggie
Temple:   eino_temple_rhombus

Skill      XL: |  1  2  3  4  5  6  7  8  9 10 |
---------------+-------------------------------+-----
Fighting       | 1 2 3 4 5 7 8 |  8.4
Spellcasting   | 3 4 5 7 8 9 |  9.6
Dodging        | |  2.1
Stealth        | |  1.5

Action                   |  1- 3 |  4- 6 |  7- 9 | 10-12 || total
-------------------------+-------+-------+-------+-------++-------
Melee: Staff             |       |       |       |     3 ||     3
 Cast: Sandblast         |    35 |     4 |       |     4 ||    43
       Stone Arrow       |     7 |    83 |   129 |    54 ||   273
  Use: Scroll            |       |       |     5 |     6 ||    11
Armor: Robe              |     3 |     1 |       |       ||     4
       Leather armour    |       |       |       |     9 ||     9
Dodge: Dodged            |     6 |    12 |    15 |    18 ||    51
Block: Other             |       |       |     2 |     7 ||     9
       Reflection        |       |       |     1 |       ||     1

Table legend: (Time is in decaauts)
 A = Elapsed time spent in this place.
 B = Non-inter-level travel time spent in this place.
 C = Inter-level travel time spent in this place.
 D = Time resting spent in this place.
 E = Time spent auto-exploring this place.
 F = Levels seen in this place.
 G = Mean time per level.
                   A        B        C        D        E       F      G
               +--------+--------+--------+--------+--------+-----+--------+
         Total |  11446 |  11217 |    229 |   1598 |   8506 |  10 | 1144.6 |
       Dungeon |  11244 |  11026 |    218 |   1598 |   8347 |   9 | 1249.3 |
        Temple |    202 |    191 |     11 |      0 |    159 |   1 |  202.0 |
               +--------+--------+--------+--------+--------+-----+--------+

Top non-repeatable levels by time:
     D:2: 2567 daAuts
     D:8: 1410 daAuts
     D:7: 1392 daAuts
     D:3: 1302 daAuts
     D:1: 1290 daAuts
     D:4: 1181 daAuts
     D:6: 1179 daAuts
     D:5: 833 daAuts
  Temple: 202 daAuts
     D:9: 85 daAuts
